 Dungeon Crawl Stone Soup version 0.30-a0-840-ga523dec638 (webtiles) character file.

Game seed: 12143669827186250086

1590549 iguanaiguana the Evocator (level 27, 237/237 HPs)
             Began as a Gnoll Chaos Knight on Feb 28, 2023.
             Was a High Priest of Ashenzari.
             Escaped with the Orb
             ... and 3 runes on Mar 2, 2023!
             The game lasted 04:24:19 (75428 turns).

iguanaiguana the Evocator (Gnoll Chaos Knight)     Turns: 75428, Time: 04:24:19

Health: 237/237    AC: 21    Str: 14    XL:     27
Magic:  49/51      EV: 28    Int: 28    God:    Ashenzari [*****.]
Gold:   2088       SH: 19    Dex: 20    Spells: 13/75 levels left

rFire   + + +      SeeInvis +      - Unarmed
rCold   + + +      Faith    .    y - +2 shield of Resistance {rF++ rC++ Will++, Elem, Bglg} (curse)
rNeg    . . .      Spirit   .    R - +2 robe "Gloom of Ashenzari" {Archmagi, Alch, Bglg} (curse)
rPois   +          Reflect  .    p - +2 helmet of Ashenzari's Dismay {Self, Elem} (curse)
rElec   .          Harm     .    i - +2 cloak "Eternal Together" {rPois, Self, Fort} (curse)
rCorr   .          Rampage  .    D - +1 pair of gloves "Chained Soothsayer" {rF+ Str-2 Dex+3 SInv Stlth+, Alch, Comp} (curse)
Will    ++++.      Archmagi + +  w - +2 pair of boots of the Sibylline Anxiety {+Inv Str+3, Fort, Comp} (curse)
Stlth   +++        Clarity  +    r - amulet of Ashenzari's Pleiades {Regen+, Cun, Fort} (curse)
HPRegen 1.39/turn                m - ring "Cosmic Mysticism" {rC+ Int+6 Dex+3, Cun, Melee} (curse)
MPRegen 0.32/turn                Z - ring of the Mage {Wiz Archmagi, Self, Evo} (curse)

@: studying 4 skills
A: fangs 1, strong nose, distributed training, hooves 1, berserk 1, wild magic
1, MP-powered wands
0: Orb of Zot
}: 3/15 runes: decaying, serpentine, silver
a: Renounce Religion, Evoke Invisibility, Curse Item, Shatter the Chains


You escaped.
You worshipped Ashenzari.
Ashenzari was extremely pleased with you.
You visited 10 branches of the dungeon, and saw 48 of its levels.
You also visited: Trove, Gauntlet, Volcano and Wizlab.

You collected 7714 gold pieces.
You spent 5533 gold pieces at shops.
You donated 93 gold pieces to Zin.

Inventory:

Missiles
 x - 5 silver javelins
 S - 2 javelins
 V - 5 silver boomerangs
 W - a throwing net
Armour
 i - the cursed +2 cloak "Eternal Together" (worn) {rPois, Self, Fort}
   (You found it on level 11 of the Dungeon)

   It has a curse which improves the following skills: Introspection: Fighting
   and Spellcasting.
   Fortitude: Armour and Shields.
 p - the cursed +2 helmet of Ashenzari's Dismay (worn) {Self, Elem}
   (You took it off Robin on level 2 of the Dungeon)

   It has a curse which improves the following skills: Introspection: Fighting
   and Spellcasting.
   Elements:  Fire Magic, Ice Magic, Air Magic and Earth Magic.
 w - the cursed +2 pair of boots of the Sibylline Anxiety (worn) {+Inv Str+3, Fort, Comp}
   (You found it in a volcano)

   Str:       It affects your strength (+3).
   +Inv:      It lets you turn invisible.
   It has a curse which improves the following skills: Fortitude: Armour and
   Shields.
   Companions: Summonings and Necromancy.
 y - the cursed +2 shield of Resistance (worn) {rF++ rC++ Will++, Elem, Bglg}
   (You found it on level 15 of the Dungeon)

   rF:        It greatly protects you from fire.
   rC:        It greatly protects you from cold.
   Will:      It greatly increases your willpower.
   It has a curse which improves the following skills: Elements: Fire Magic, Ice
   Magic, Air Magic and Earth Magic.
   Beguiling: Conjurations, Hexes and Translocations.
 D - the cursed +1 pair of gloves "Chained Soothsayer" (worn) {rF+ Str-2 Dex+3 SInv Stlth+, Alch, Comp}
   (You found it on level 3 of the Elven Halls)

   Str:       It affects your strength (-2).
   Dex:       It affects your dexterity (+3).
   rF:        It protects you from fire.
   SInv:      It lets you see invisible.
   Stlth:     It makes you more stealthy.
   It has a curse which improves the following skills: Alchemy: Poison Magic and
   Transmutations.
   Companions: Summonings and Necromancy.
 R - the cursed +2 robe "Gloom of Ashenzari" (worn) {Archmagi, Alch, Bglg}
   (You took it off an orc sorcerer on level 2 of the Orcish Mines)

   It has a curse which improves the following skills: Alchemy: Poison Magic and
   Transmutations.
   Beguiling: Conjurations, Hexes and Translocations.
Magical Staves
 a - a staff of earth
Jewellery
 g - a ring of resist corrosion
 m - the cursed ring "Cosmic Mysticism" (left hand) {rC+ Int+6 Dex+3, Cun, Melee}
   (You found it on level 2 of the Swamp)

   [ring of intelligence]

   Int:       It affects your intelligence (+6).
   Dex:       It affects your dexterity (+3).
   rC:        It protects you from cold.
   It has a curse which improves the following skills: Cunning: Dodging and
   Stealth.
   Melee Combat: Short Blades, Long Blades, Axes, Maces & Flails, Polearms,
   Staves and Unarmed Combat.
 r - the cursed amulet of Ashenzari's Pleiades (around neck) {Regen+, Cun, Fort}
   (You found it on level 2 of the Dungeon)

   [amulet of regeneration]

   Regen:     It increases your rate of health regeneration.
   It has a curse which improves the following skills: Cunning: Dodging and
   Stealth.
   Fortitude: Armour and Shields.
 P - a ring of wizardry
 Z - the cursed ring of the Mage (right hand) {Wiz Archmagi, Self, Evo}
   (You took it off a tengu reaver on level 5 of the Vaults)

   [ring of wizardry]

   It improves your spell success rate.
   Archmagi:  It increases the power of your magical spells.
   It has a curse which improves the following skills: Introspection: Fighting
   and Spellcasting.
   Evocations: Evocations.
Wands
 c - a wand of paralysis (24)
 d - a wand of digging (3) {@v3}
 B - a wand of flame (85)
 I - a wand of roots (15)
 X - a wand of quicksilver (14)
Scrolls
 e - 5 scrolls of magic mapping {@r5}
 h - 6 scrolls of blinking {@r4}
 j - 7 scrolls of vulnerability
 o - 3 scrolls of butterflies
 q - 8 scrolls of fog
 E - 8 scrolls of silence
 F - 9 scrolls of immolation
 H - 5 scrolls of fear
 K - a scroll of amnesia
 L - 7 scrolls of teleportation {@r3}
 O - 10 scrolls of poison
Potions
 l - 11 potions of mutation
 n - a potion of resistance {@q5}
 s - 2 potions of ambrosia
 t - 14 potions of curing {@q1}
 u - 3 potions of magic
 v - 6 potions of cancellation
 A - 4 potions of might {@q3}
 G - 4 potions of haste {@q4}
 J - 4 potions of brilliance
 M - 3 potions of berserk rage
 Q - 5 potions of invisibility
 T - 10 potions of lignification
 U - 5 potions of heal wounds {@q2}
 Y - 6 potions of flight
Miscellaneous
 b - a lightning rod (4/4)
 f - a box of beasts
 k - a tin of tremorstones (2/2)
 z - a phantom mirror
 C - a phial of floods
 N - a condenser vane


   Skills:
 + Level 19.6(23.8) Fighting
 + Level 18.7(20.8) Short Blades
 + Level 18.7(20.8) Long Blades
 + Level 18.7(20.8) Axes
 + Level 18.7(20.8) Maces & Flails
 + Level 19.6(21.7) Polearms
 + Level 18.7(20.8) Staves
 + Level 18.7 Ranged Weapons
 + Level 18.7 Throwing
 + Level 19.2(23.4) Armour
 + Level 18.9(22.0) Dodging
 + Level 18.7(21.9) Stealth
 + Level 18.7(22.9) Shields
 + Level 18.7(20.8) Unarmed Combat
 + Level 20.4(24.6) Spellcasting
 + Level 17.3(20.6) Conjurations
 + Level 15.9(19.3) Hexes
 + Level 15.9(19.3) Summonings
 + Level 15.9(19.3) Necromancy
 + Level 15.9(19.3) Translocations
 + Level 15.9(19.3) Transmutations
 + Level 15.9(19.3) Fire Magic
 + Level 15.9(19.3) Ice Magic
 + Level 15.9(19.3) Air Magic
 + Level 15.9(19.3) Earth Magic
 + Level 15.9(19.3) Poison Magic
 + Level 23.8 Invocations
 + Level 24.1(26.0) Evocations


You had 13 spell levels left.
You knew the following spells:

 Your Spells              Type           Power      Damage    Failure   Level
a - Irradiate             Conj/Tmut      81%        3d38      1%          5
b - Spellforged Servitor  Conj/Summ      81%        N/A       1%          7
c - Manifold Assault      Tloc           100%       N/A       1%          4
d - Animate Dead          Necr           100%       N/A       1%          4
e - Death Channel         Necr           80%        N/A       1%          6
f - Ignition              Fire           80%        3d21      1%          8
g - Lehudib's Crystal Sp  Conj/Erth      81%        10d18     1%          8
h - Storm Form            Tmut/Air       80%        N/A       1%          7
i - Blink                 Tloc           100%       N/A       1%          2
j - Statue Form           Tmut/Erth      100%       N/A       1%          6
k - Borgnjor's Vile Clut  Necr/Erth      80%        N/A       1%          5

Your spell library contained the following spells:

 Spells                   Type           Power      Damage    Failure   Level
 Apportation              Tloc           100%       N/A       1%          1
 Kiss of Death            Conj/Necr      100%       2d13      1%          1
 Magic Dart               Conj           100%       1d8       1%          1
 Necrotise                Necr           100%       1d9       1%          1
 Summon Small Mammal      Summ           100%       N/A       1%          1
 Cigotuvi's Dreadful Rot  Necr/Pois/Air  100%       N/A       1%          2
 Ensorcelled Hibernation  Hex/Ice        100%       N/A       1%          2
 Passwall                 Tmut/Erth      100%       N/A       1%          2
 Call Canine Familiar     Summ           100%       N/A       1%          3
 Confusing Touch          Hex            100%       N/A       1%          3
 Dazzling Flash           Conj/Hex       100%       N/A       1%          3
 Frozen Ramparts          Ice            100%       1d16      1%          3
 Ignite Poison            Fire/Tmut/Pois 100%       N/A       1%          3
 Kindle Blastsparks       Fire/Tloc/Air  100%       2d18      1%          3
 Ozocubu's Armour         Ice            100%       N/A       1%          3
 Portal Projectile        Hex/Tloc       100%       N/A       1%          3
 Spider Form              Tmut/Pois      100%       N/A       1%          3
 Summon Guardian Golem    Hex/Summ       100%       N/A       1%          3
 Swiftness                Air            100%       N/A       1%          3
 Tukima's Dance           Hex            100%       N/A       1%          3
 Vampiric Draining        Necr           100%       2d13      1%          3
 Vhi's Electric Charge    Tloc/Air       100%       N/A       1%          3
 Anguish                  Hex/Necr       80%        N/A       1%          4
 Animate Armour           Summ/Erth      100%       N/A       1%          4
 Cause Fear               Hex            80%        N/A       1%          4
 Dispel Undead            Necr           100%       3d31      1%          4
 Ice Form                 Ice/Tmut       100%       N/A       1%          4
 Iskenderun's Mystic Bla  Conj/Tloc      100%       2d19      1%          4
 Leda's Liquefaction      Hex/Erth       80%        N/A       1%          4
 Olgreb's Toxic Radiance  Pois           100%       N/A       1%          4
 Passage of Golubria      Tloc           100%       N/A       1%          4
 Sticky Flame             Conj/Fire      100%       2d11      1%          4
 Summon Ice Beast         Ice/Summ       100%       N/A       1%          4
 Summon Lightning Spire   Summ/Air       100%       N/A       1%          4
 Agony                    Necr           100%       N/A       1%          5
 Alistair's Intoxication  Tmut/Pois      100%       N/A       1%          5
 Arcjolt                  Conj/Air       81%        1d91      1%          5
 Blade Hands              Tmut           80%        N/A       1%          5
 Freezing Cloud           Conj/Ice/Air   81%        6-21      1%          5
 Lee's Rapid Deconstruct  Erth           80%        3d36*     1%          5
 Metabolic Englaciation   Hex/Ice        80%        N/A       1%          5
 Silence                  Hex/Air        80%        N/A       1%          5
 Summon Forest            Summ/Tloc      80%        N/A       1%          5
 Summon Mana Viper        Hex/Summ       100%       N/A       1%          5
 Eringya's Noxious Bog    Tmut/Pois      80%        N/A       1%          6
 Simulacrum               Ice/Necr       80%        N/A       1%          6
 Starburst                Conj/Fire      81%        6d21      1%          6
 Summon Cactus Giant      Summ           80%        N/A       1%          6
 Dragon Form              Tmut           80%        N/A       1%          7
 Orb of Destruction       Conj           82%        9d18      1%          7
 Ozocubu's Refrigeration  Ice            80%        4d25      1%          7
 Maxwell's Capacitive Co  Air            80%        ∞         1%          8
 Dragon's Call            Summ           80%        N/A       21%         9
 Polar Vortex             Ice            80%        N/A       21%         9


Dungeon Overview and Level Annotations

Branches:
Dungeon (15/15)            Temple (1/1) D:4            Lair (5/5) D:8
  Swamp (4/4) Lair:3        Snake (4/4) Lair:2        Slime (0/5) Lair:4
    Orc (2/2) D:10            Elf (3/3) Orc:2        Vaults (5/5) D:14
  Crypt (0/3) Vaults:2     Depths (4/4) D:15            Zot (5/5) Depths:4
Volcano (visited)          WizLab (visited)         Gauntlet (visited)

Altars:
Ashenzari
Cheibriados
Dithmenos
Elyvilon
Fedhas
Hepliaklqana
Kikubaaqudgha
Makhleb
Nemelex Xobeh
Okawaru
Qazlal
Ru
Sif Muna
Trog
Uskayaw
Vehumet
Wu Jian
Xom
Yredelemnul
Zin
The Shining One
Jiyva

Shops:
D:10 [(   D:11 ((   D:13 *   Orc:2 [:**   Snake:1 :==   Snake:3 *!(
Vaults:2 :   Vaults:3 (?   Vaults:5 :

Portals:
Hell: Depths:1 Depths:2 Depths:3 Depths:4
Abyss: Depths:2 Depths:3 Depths:4
Pandemonium: Orc:2 Depths:2
Ziggurat: Depths:3

Annotations:
D:6 exclusion: ogre
D:8 exclusion: downstairs
D:9 exclusion: downstairs
D:13 4 transporters
D:15 1 runed translucent door
Depths:1 3 runed translucent doors, exclusion: 3 doors, Dameikh's ghost, veteran FoFi; Funiw's ghost, adept TrMo; Gucom's ghost, veteran GnFi
Zot:2 1 transporter
Zot:5 3 exclusions


Innate Abilities, Weirdness & Mutations

You have very sharp teeth.
Your uncanny sense of smell can sniff out nearby items.
Your experience applies equally to all skills.
You have large cloven feet.
You sometimes lose your temper in combat.
Your spells are a little harder to cast, but a little more powerful.
You expend magic power (3 MP) to strengthen your wands.


Message History

You feel energetic enough to blinkbolt again.
HP restored.
Your transformation has ended.
The cursed +2 cloak "Eternal Together" {rPois, Self, Fort} unmelds from your body.
The cursed +2 helmet of Ashenzari's Dismay {Self, Elem} unmelds from your body.
The cursed +1 pair of gloves "Chained Soothsayer" {rF+ Str-2 Dex+3 SInv Stlth+, Alch, Comp} unmelds from your body.
The cursed +2 pair of boots of the Sibylline Anxiety {+Inv Str+3, Fort, Comp} unmelds from your body.
The cursed +2 shield of Resistance {rF++ rC++ Will++, Elem, Bglg} unmelds from your body.
The cursed +2 robe "Gloom of Ashenzari" {Archmagi, Alch, Bglg} unmelds from your body.
You feel resistant to poison.
You feel powerful.
There is a stone staircase leading up here.
You climb upwards.
There is a stone staircase leading down here.
The golden eye turns its gaze towards you.
The shining eye turns its gaze towards you.
A ynoxinul comes into view.
Unknown command.
The ynoxinul gestures at you. The ynoxinul gestures at you.
The ynoxinul gestures.
The ynoxinul gestures.
The ynoxinul gestures.
You see here a +0 dagger.
The ufetubus attacks as you move away!
You see here a +0 club.
The ufetubus attacks as you move away! The ufetubus attacks as you move away!
A Kohiplyoch and an ancient lich come into view.
Blink to where?
Press: ? - help, Dir - move target
As you read the scroll of blinking {@r4}, it crumbles to dust.
Aiming: Dig
Press: ? - help, Shift-Dir - straight line A rock wall.
This square is covered in magical glow.
You feel a surge of power!
The rock shatters into small pieces.
Blink to where?
Press: ? - help, Dir - move target
As you read the scroll of blinking {@r4}, it crumbles to dust.
You have escaped!

#.⌠.'.⌠.'...#...# ##
#...#...#...#...# #.
##'###+#######'## #.
#...#...#...#...# ##.
#...#...'...#...#
#####3.
#...#...#...#...#
#5.{..#
##'###'###'#.#'##
#.#####
#...#...#...#...# ##3#
#.⌠.'...#.@.#.⌠.# #..#
#...#...#...#...# #.##
##'#####&#####'## #.#
#...#..5#5{.#...# #{#
#...'...'{..L...# #.#
#...#...#...#...####.#
######'###5######.)..#
#.....5.{){.3####
##############


You could see Kohiplyoch and an ufetubus (summoned).

Vanquished Creatures
  2 dread liches
  2 orbs of fire (Zot:5)
  Mara (Swamp:3)
  A juggernaut (Depths:3)
  Vv (Depths:4)
  A curse toe (Zot:1)
  2 Killer Klowns
  Margery (Vaults:3)
  Vashnia (Snake:4)
  4 golden dragons
  A profane servitor (D:11)
  A bone dragon (Depths:4)
  2 electric golems
  13 tentacled monstrosities
  Zenata (Elf:3)
  Rupert (D:15)
  Jorgrun (Elf:2)
  2 walking earthen tomes (Depths:3)
  7 quicksilver dragons
  14 Orb Guardians
  5 titans
  2 deep elf master archers (Elf:3)
  3 sphinxes
  3 deep elf blademasters
  The ghost of freelancePsychic the Warrior, an adept GrBr of Trog (Swamp:3)
  5 death cobs
  2 thorn hunters (Swamp:4)
  The ghost of Meok the Executioner, an adept MiFi of Gozag (Snake:2)
  11 storm dragons
  Roxanne (D:15)
  12 shadow dragons
  Agnes (Elf:1)
  An azure jelly (Swamp:4)
  Gastronok (D:11)
  4 draconian monks
  6 tengu reavers
  3 nagarajas (Snake:4)
  6 frost giants
  3 draconian knights
  6 draconian scorchers
  6 fire giants
  Aizul (Swamp:1)
  9 vault wardens
  An iron dragon (Vaults:5)
  A caustic shrike zombie (WizLab)
  6 deep elf sorcerers (Elf:3)
  3 deep elf elementalists (Elf:3)
  A draconian stormcaller (Zot:1)
  7 draconian shifters
  4 ghost moths
  19 ironbound preservers
  3 spriggan defenders
  A war gargoyle (Vaults:5)
  An orc warlord (Vaults:4)
  2 cacodemons
  23 very ugly things
  6 draconian annihilators
  4 deep elf demonologists (Elf:3)
  4 ironbound thunderhulks
  9 black draconians
  2 vampire knights
  2 eleionomae (Swamp:2)
  8 green draconians
  15 stone giants
  Azrael (Snake:3)
  7 dire elephants
  6 white draconians
  7 yellow draconians
  7 red draconians
  10 deep elf annihilators
  3 bunyips
  9 purple draconians
  2 mummy priests (WizLab)
  6 deep elf death magi
  8 fire dragons
  Snorg (D:11)
  2 merfolk impalers (Depths:3)
  A green death (D:13)
  3 spriggan zombies (WizLab)
  10 ettins
  11 deep elf high priests
  7 yaktaur captains
  3 entropy weavers
  A blizzard demon (Depths:2)
  5 great orbs of eyes
  3 salamander tyrants
  7 ice dragons
  A hell beast (Depths:2)
  Harold (Lair:2)
  A rakshasa (Depths:1)
  2 catoblepae
  6 spriggan air magi
  5 hydras
  7 anacondas
  17 centaur warriors
  23 vault guards
  2 demonspawn (Orc:2)
  4 ironbound frosthearts
  7 alligators
  6 two-headed ogres
  11 spriggan berserkers
  7 boulder beetles
  2 deep troll shamans
  6 naga warriors
  7 deep troll earth magi
  3 vampire magi
  13 death yaks
  24 dancing weapons
  A tengu warrior (Depths:1)
  7 shock serpents
  7 hell knights
  A storm dragon zombie (WizLab)
  Sonja (Lair:2)
  A soul eater (Depths:2)
  11 naga sharpshooters
  8 orc high priests (Orc:2)
  2 skysharks
  3 salamander mystics
  17 deep elf knights
  4 sun demons (Depths:1)
  A golden dragon zombie (WizLab)
  5 sixfirhies
  45 deep trolls
  3 goliath frogs
  A bog body (Swamp:1)
  A storm dragon skeleton (Vaults:4)
  A quicksilver dragon simulacrum (Zot:1)
  A sea snake (shapeshifter) (Elf:1)
  3 spriggan druids
  An iron troll (Depths:4)
  3 glowing orange brains
  A tengu zombie (WizLab)
  3 flayed ghosts
  4 naga ritualists
  8 harpies
  5 swamp dragons
  7 deep elf archers
  7 wizards
  14 ironbound convokers
  4 lindwurms
  6 necromancers
  8 orc sorcerers
  A golden dragon skeleton (Depths:1)
  8 phantasmal warriors
  A shadow dragon zombie (WizLab)
  20 deep elf zephyrmancers
  20 deep elf pyromancers
  10 orc knights
  18 ugly things
  An oklob plant (Lair:5)
  2 mana vipers
  A cyclops (shapeshifter) (Depths:3)
  12 salamanders
  A shining eye (Depths:1)
  5 manticores
  8 elephants
  4 will-o-the-wisps
  A spectral shock serpent (Snake:2)
  A moth of wrath (shapeshifter) (Vaults:4)
  A fire giant zombie (WizLab)
  21 moths of wrath
  6 cyclopes
  5 guardian serpents
  2 rust devils
  A black mamba (shapeshifter) (D:12)
  A toenail golem (D:3)
  A demonspawn zombie (WizLab)
  13 vault sentinels
  18 black mambas
  8 naga magi
  4 molten gargoyles (Elf:2)
  An elephant (shapeshifter) (Elf:3)
  3 orange demons
  A centaur skeleton (D:15)
  2 torpor snails
  A gargoyle (D:13)
  3 demonic crawlers (Elf:1)
  8 cane toads
  3 human zombies
  2 hellions
  An unseen horror (D:11)
  A storm dragon simulacrum (Zot:1)
  A swamp worm zombie (Swamp:3)
  9 komodo dragons
  3 efreet
  4 freezing wraiths
  A yaktaur zombie (WizLab)
  An ice devil (Depths:2)
  A tormentor (Depths:2)
  A yaktaur skeleton (Vaults:1)
  A rime drake (Lair:4)
  5 trolls
  7 tengu conjurers
  4 red devils
  12 yaktaurs
  A tyrant leech (shapeshifter) (Depths:1)
  2 bloated husks
  6 tyrant leeches
  A tarantella (shapeshifter) (D:14)
  6 hornets
  A tarantella (Vaults:4)
  A hornet (shapeshifter) (Elf:2)
  A tengu simulacrum (Vaults:3)
  An elf zombie (Vaults:1)
  19 blink frogs
  An ice dragon zombie (Depths:3)
  3 dream sheep (Lair:2)
  A spectral black mamba (Snake:2)
  Sigmund (D:2)
  15 slime creatures
  A centaur simulacrum (D:15)
  5 water elementals
  A culicivora (shapeshifter) (Vaults:4)
  3 wyverns
  3 shadows
  4 wraiths
  4 fire bats
  A vampire (D:11)
  11 fire elementals
  7 spriggans
  61 yaks
  A chaos spawn (Orc:2)
  A steam dragon (D:9)
  A swamp worm simulacrum (Swamp:4)
  2 hogs (D:15)
  2 redbacks (Vaults:4)
  4 vampire mosquitoes
  4 basilisks
  A human simulacrum (Vaults:4)
  6 wargs
  A yaktaur simulacrum (Vaults:4)
  30 nagas
  14 swamp worms
  3 glowing shapeshifter zombies
  An acid dragon (D:9)
  2 floating eyes
  A swamp drake (D:4)
  21 water moccasins
  14 hydra simulacra (Swamp:4)
  3 spectral nagas (Snake:2)
  3 hell hounds
  A moth of wrath simulacrum (Zot:1)
  37 orc warriors
  4 black bears
  A meliai simulacrum (D:15)
  A sky beast (D:7)
  An ettin simulacrum (Depths:1)
  A black mamba simulacrum (Snake:2)
  18 wolves
  3 boggarts (Vaults:4)
  12 ogres
  18 centaurs
  4 kobold brigands
  3 phantoms
  A nameless horror (D:10)
  9 bullfrogs
  2 necrophages
  A glowing shapeshifter simulacrum (Vaults:3)
  3 earth elementals
  6 wights
  8 killer bees
  4 naga simulacra (Snake:2)
  2 electric eels (Elf:3)
  4 howler monkeys
  A lava snake (Elf:2)
  5 jellies
  16 orc priests
  17 orc wizards
  Robin (D:2)
  9 adders
  A river rat (D:11)
  A shadow imp (D:8)
  2 white imps (D:6)
  4 swamp drake simulacra (Swamp:4)
  A worm (D:3)
  A dart slug (D:4)
  65 orcs
  9 ball pythons
  5 bats
  4 endoplasms
  3 giant cockroaches
  12 hobgoblins
  6 jackals
  16 kobolds
  5 quokkas
  6 frilled lizards
  21 goblins
  11 rats
  A briar patch (Swamp:3)
1658 creatures vanquished.

Vanquished Creatures (collateral kills)
  2 dread liches (Zot:5)
  Josephina (Zot:1)
  2 Killer Klowns
  A curse toe (Zot:4)
  A caustic shrike (Depths:3)
  2 golden dragons
  A bone dragon (Depths:4)
  An electric golem (Zot:2)
  13 Orb Guardians (Zot:5)
  A walking crystal tome (Depths:4)
  3 tentacled monstrosities
  5 sphinxes
  A death cob (Zot:3)
  6 tengu reavers
  Kirke (D:15)
  2 storm dragons
  A shadow dragon (Vaults:5)
  2 thorn hunters (Swamp:3)
  A draconian monk (Zot:3)
  2 nagarajas
  A frost giant (Depths:3)
  3 fire giants
  An azure jelly (Swamp:4)
  A balrug (D:15)
  5 vault wardens
  A ghost moth (Zot:4)
  2 draconian scorchers
  A cacodemon (D:14)
  6 ironbound preservers
  2 draconian shifters
  2 stone giants
  2 very ugly things
  An ironbound thunderhulk (Vaults:2)
  A war gargoyle (Vaults:5)
  A vampire knight (Depths:2)
  2 green draconians (Zot:5)
  A red draconian (Zot:3)
  5 bunyips
  A dire elephant (Vaults:1)
  2 eleionomae (Swamp:3)
  2 deep elf annihilators
  A mummy priest (WizLab)
  2 ettins (Vaults:5)
  A deep elf death mage (Vaults:5)
  An entropy weaver (Vaults:5)
  3 fire dragons
  A jiangshi (Vaults:2)
  A deep elf high priest (Vaults:5)
  3 yaktaur captains
  A rakshasa (Depths:2)
  2 ice dragons
  5 hydras
  2 great orbs of eyes
  A hell beast (D:14)
  10 vault guards
  An ogre mage (Vaults:5)
  6 centaur warriors
  2 ironbound frosthearts
  7 anacondas
  2 alligators (Swamp:4)
  A two-headed ogre (Vaults:5)
  A death yak (Lair:5)
  3 boulder beetles
  2 tengu warriors (Depths:2)
  2 deep troll earth magi
  2 naga warriors (Snake:4)
  A deep troll shaman (Depths:4)
  5 naga sharpshooters
  2 skysharks (Lair:5)
  3 spriggan berserkers
  3 sun demons
  A shock serpent (Snake:1)
  A storm dragon zombie (Vaults:3)
  3 goliath frogs
  A salamander mystic (Snake:4)
  3 iron trolls
  A death drake (Swamp:4)
  2 spriggan druids (Swamp:3)
  2 spriggan riders (Swamp:3)
  2 swamp dragons (Swamp:3)
  A glowing orange brain (Vaults:4)
  A flayed ghost (Vaults:5)
  13 deep trolls
  7 slime creatures
  A deep elf archer (Vaults:5)
  A bog body (Swamp:1)
  4 ironbound convokers
  3 lindwurms (Vaults:1)
  A sphinx zombie (WizLab)
  4 deep elf pyromancers
  3 deep elf zephyrmancers
  4 phantasmal warriors
  2 wizards
  5 harpies (Vaults:2)
  A necromancer (Vaults:3)
  An orc knight (Vaults:4)
  A frost giant zombie (Depths:1)
  2 salamanders
  2 mana vipers (Snake:1)
  5 ugly things
  A shining eye (shapeshifter) (Vaults:5)
  6 moths of wrath
  A centaur zombie (D:15)
  A manticore (D:15)
  4 black mambas
  9 vault sentinels
  A frost giant skeleton (Depths:1)
  3 elephants (Lair:5)
  4 naga magi
  A cane toad (Lair:5)
  A guardian serpent (Snake:4)
  An eye of devastation (Depths:1)
  3 freezing wraiths
  A yaktaur zombie (Vaults:4)
  A human zombie (Vaults:4)
  5 yaktaurs
  A tengu conjurer (Depths:2)
  A harpy zombie (D:15)
  4 hornets
  2 tyrant leeches
  7 blink frogs
  9 dream sheep (Lair:5)
  3 spriggans
  A shadow (D:9)
  7 yaks
  A fire elemental (Snake:3)
  A hog (D:15)
  A basilisk (D:14)
  A redback (Vaults:4)
  3 swamp worm simulacra (Swamp:4)
  Grum (D:11)
  A vampire mosquito (D:9)
  9 nagas
  2 hydra simulacra (Swamp:4)
  8 swamp worms
  A water moccasin (Lair:5)
  A hell hound (Snake:3)
  2 swamp drakes (Swamp:3)
  An orc warrior (Vaults:4)
  A boggart (Vaults:4)
  3 wolves (Lair:5)
  A centaur (D:15)
  A human skeleton (Vaults:1)
  2 wights
  3 killer bees
  A howler monkey (D:14)
  An orc priest (D:8)
  6 orcs
  2 kobolds (D:10)
  A briar patch (Swamp:3)
  2 butterflies (Lair:2)
382 creatures vanquished.

Vanquished Creatures (others)
  A tentacled monstrosity (Zot:1)
  An Orb Guardian (Zot:5)
  A draconian monk (Zot:1)
  A caustic shrike zombie (Depths:3)
  A draconian scorcher (Zot:1)
  A Killer Klown zombie (Zot:2)
  2 black draconians (Zot:1)
  A white draconian (Zot:1)
  2 very ugly thing zombies (Depths:3)
  A deep elf high priest (Vaults:5)
  A vault guard (Vaults:5)
  3 Orb Guardian zombies (Zot:5)
  A naga warrior (Snake:4)
  A titan zombie (Vaults:5)
  A sun demon (Depths:1)
  2 storm dragon zombies
  A deep elf knight (Elf:3)
  A spriggan druid (Swamp:1)
  A ghost moth zombie (Zot:5)
  3 golden dragon zombies
  A lindwurm (Vaults:1)
  9 ugly thing zombies
  2 shadow dragon zombies (Vaults:5)
  A deep elf pyromancer (Vaults:5)
  An orc knight (Vaults:5)
  An eleionoma zombie (Swamp:3)
  3 fire giant zombies
  A sphinx zombie (Depths:2)
  7 stone giant zombies
  2 frost giant zombies (Depths:2)
  7 draconian zombies
  A moth of wrath (Zot:1)
  3 dire elephant zombies (Vaults:1)
  A vault sentinel (Vaults:5)
  A shock serpent zombie (Snake:2)
  A black draconian zombie (Zot:5)
  2 swamp worm zombies (Swamp:3)
  2 storm dragon simulacra (Zot:1)
  5 green draconian zombies
  2 red draconian zombies (Zot:1)
  A tengu conjurer (Depths:3)
  6 hydra zombies
  3 iron troll zombies
  2 harpy zombies (Vaults:4)
  3 bloated husks
  2 demonic crawler zombies (Elf:1)
  A death drake zombie (Swamp:4)
  2 ettin zombies (Vaults:5)
  3 boulder beetle zombies (Elf:1)
  4 moth of wrath zombies
  An ice dragon zombie (Depths:2)
  2 alligator zombies (Swamp:4)
  A fire dragon zombie (Depths:3)
  4 black mamba zombies
  A human (D:15)
  12 spriggan zombies
  12 deep troll zombies
  6 tengu zombies
  34 human zombies
  An entropy weaver zombie (Vaults:5)
  A floating eye (Depths:2)
  14 elf zombies
  2 hornet zombies
  4 lindwurm zombies
  11 naga zombies
  3 swamp dragon zombies
  4 salamander zombies
  A swamp drake zombie (Swamp:3)
  An orc zombie (Vaults:5)
  6 briar patches (Swamp:4)
  17 foxfires
  48 fungi
  120 plants
413 creatures vanquished.

Grand Total: 2453 creatures vanquished

Notes
Turn   | Place    | Note
-------+----------+-------------------------------------------
     0 | D:1      | iguanaiguana the Gnoll Chaos Knight began the quest for the
                  | Orb.
     0 | D:1      | Reached XP level 1. HP: 23/23 MP: 1/1
    44 | D:1      | XOM: silly message
   212 | D:1      | Noticed a floating eye
   215 | D:1      | Noticed a shining eye
   230 | D:1      | Found a faded altar of an unknown god.
   232 | D:1      | Noticed a golden eye
   232 | D:1      | Noticed an eye of devastation
   246 | D:1      | Reached XP level 2. HP: 29/29 MP: 2/2
   526 | D:1      | Reached XP level 3. HP: 31/35 MP: 3/3
   697 | D:1      | Reached skill level 1 in Invocations
   904 | D:1      | XOM: give mutations
   904 | D:1      | Gained mutation: Armour fits poorly on your strangely
                  | shaped body. [Xom's mischief]
   904 | D:1      | Gained mutation: You are frail. (-10% HP) [Xom's mischief]
  1215 | D:1      | XOM: god gift: 37 gold pieces
  1327 | D:2      | XOM: noise
  1332 | D:2      | Reached skill level 1 in Short Blades
  1332 | D:2      | Reached skill level 1 in Long Blades
  1332 | D:2      | Reached skill level 1 in Axes
  1332 | D:2      | Reached skill level 1 in Maces & Flails
  1332 | D:2      | Reached skill level 1 in Staves
  1332 | D:2      | Reached skill level 1 in Ranged Weapons
  1332 | D:2      | Reached skill level 1 in Throwing
  1332 | D:2      | Reached skill level 1 in Stealth
  1332 | D:2      | Reached skill level 1 in Shields
  1332 | D:2      | Reached skill level 1 in Unarmed Combat
  1332 | D:2      | Reached skill level 1 in Spellcasting
  1332 | D:2      | Reached skill level 1 in Evocations
  1609 | D:2      | XOM: scenery: create altars
  1662 | D:2      | Reached XP level 4. HP: 36/36 MP: 5/5
  1669 | D:2      | XOM: noise
  1767 | D:2      | XOM: give mutations
  1767 | D:2      | Gained mutation: Your body sometimes deteriorates upon
                  | taking damage. [Xom's mischief]
  1767 | D:2      | Lost mutation: Armour fits poorly on your strangely shaped
                  | body. [Xom's mischief]
  1767 | D:2      | Gained mutation: You are clumsy. (Dex -2) [Xom's mischief]
  1782 | D:2      | Noticed Robin
  1803 | D:2      | Killed Robin
  1804 | D:2      | Reached skill level 1 in Conjurations
  1804 | D:2      | Reached skill level 1 in Hexes
  1804 | D:2      | Reached skill level 1 in Summonings
  1804 | D:2      | Reached skill level 1 in Necromancy
  1804 | D:2      | Reached skill level 1 in Translocations
  1804 | D:2      | Reached skill level 1 in Transmutations
  1804 | D:2      | Reached skill level 1 in Fire Magic
  1804 | D:2      | Reached skill level 1 in Ice Magic
  1804 | D:2      | Reached skill level 1 in Air Magic
  1804 | D:2      | Reached skill level 1 in Earth Magic
  1804 | D:2      | Reached skill level 1 in Poison Magic
  1894 | D:2      | Noticed Sigmund
  2182 | D:2      | XOM: 4-stop teleportation journey
  2190 | D:2      | XOM: god gift: 2 stones
  2206 | D:2      | Reached XP level 5. HP: 42/42 MP: 5/7
  2588 | D:3      | XOM: 1-stop teleportation journey
  2667 | D:3      | Found Dufiostoaff's Vocational Training.
  2852 | D:3      | XOM: god gift: 34 gold pieces
  2914 | D:3      | XOM: give mutations
  2914 | D:3      | Gained mutation: Armour fits poorly on your strangely
                  | shaped body. [Xom's mischief]
  2914 | D:3      | Lost mutation: Your body sometimes deteriorates upon taking
                  | damage. [Xom's mischief]
  2947 | D:3      | Noticed a blizzard demon
  2948 | D:3      | Found a burning altar of Makhleb.
  2955 | D:3      | Found a glowing silver altar of Zin.
  2955 | D:3      | Noticed an angel
  2965 | D:3      | Fell from the grace of Xom
  2965 | D:3      | Became a worshipper of Zin the Law-Giver
  2965 | D:3      | Reached * piety under Zin
  3388 | D:4      | an iguana changed into a swamp drake
  3388 | D:4      | Noticed a swamp drake
  3388 | D:4      | XOM: polymorph iguana -> swamp drake
  3405 | D:5      | Entered Level 5 of the Dungeon
  3477 | D:5      | XOM: give mutation
  3601 | D:4      | Found a staircase to the Ecumenical Temple.
  3656 | D:4      | Reached ** piety under Zin
  3668 | D:4      | Noticed a phantom
  3699 | D:4      | Killed a phantom
  3700 | D:4      | Reached XP level 6. HP: 33/47 MP: 8/8
  3885 | D:5      | Reached skill level 5 in Armour
  3885 | D:5      | Reached skill level 2 in Evocations
  4070 | D:5      | Noticed a black bear
  4103 | D:5      | Killed a black bear
  4104 | D:5      | Reached XP level 7. HP: 54/54 MP: 10/10
  4160 | D:5      | XOM: noise
  4368 | D:5      | XOM: summons 3 hostile demons
  4711 | D:5      | Found a white marble altar of Elyvilon.
  4768 | D:5      | XOM: torment (28/54 hp)
  5045 | D:6      | XOM: noise
  5141 | D:6      | XOM: noise
  5296 | D:6      | XOM: blink monster(s)
  5453 | D:5      | Reached skill level 3 in Evocations
  5453 | D:5      | Reached XP level 8. HP: 59/60 MP: 12/12
  5537 | D:6      | XOM: summons 6 hostile demons
  5712 | D:6      | Identified the +6 mace "Jinougeng" {pain, rElec rF+}
  5782 | D:6      | Identified the +2 ring mail "Kireolemm" {Contam rN+ MP+9}
  6169 | D:4      | XOM: noise
  6337 | D:2      | Killed Sigmund
  6643 | D:6      | XOM: summons 2 hostile shadow creatures
  6803 | D:7      | XOM: 1-stop teleportation journey
  6926 | D:7      | XOM: noise
  7014 | D:7      | Reached XP level 9. HP: 65/65 MP: 14/14
  7049 | D:7      | Reached *** piety under Zin
  7057 | D:7      | Found a bloodstained altar of Trog.
  7176 | D:7      | Reached skill level 4 in Evocations
  7975 | D:8      | Noticed a hornet
  7986 | D:8      | Killed a hornet
  7987 | D:8      | Reached skill level 5 in Dodging
  8310 | D:8      | Reached skill level 5 in Invocations
  8333 | D:8      | Found a staircase to the Lair.
  8339 | D:8      | Learned a level 3 spell: Call Canine Familiar
  8429 | D:8      | XOM: silly message
  8472 | D:8      | Reached **** piety under Zin
  8960 | D:8      | XOM: noise
  9093 | D:9      | Reached ***** piety under Zin
  9618 | D:9      | Reached skill level 5 in Short Blades
  9618 | D:9      | Reached skill level 5 in Long Blades
  9618 | D:9      | Reached skill level 5 in Axes
  9618 | D:9      | Reached skill level 5 in Maces & Flails
  9618 | D:9      | Reached skill level 5 in Staves
  9618 | D:9      | Reached skill level 5 in Ranged Weapons
  9618 | D:9      | Reached skill level 5 in Throwing
  9618 | D:9      | Reached skill level 5 in Stealth
  9618 | D:9      | Reached skill level 5 in Shields
  9618 | D:9      | Reached skill level 5 in Unarmed Combat
  9618 | D:9      | Reached skill level 5 in Spellcasting
  9618 | D:9      | Reached skill level 5 in Evocations
  9618 | D:9      | Reached XP level 10. HP: 54/72 MP: 17/17
  9901 | D:9      | Found an ancient bone altar of Kikubaaqudgha.
  9902 | D:9      | Found a radiant altar of Vehumet.
  9904 | D:9      | Found a shimmering blue altar of Sif Muna.
  9910 | D:9      | Got Vehumet's Quarto of Power
  9930 | D:10     | Entered Level 10 of the Dungeon
  9930 | D:10     | Noticed an orc knight
 10188 | D:10     | Noticed a two-headed ogre
 10205 | D:10     | Killed a two-headed ogre
 10586 | D:9      | XOM: summons 1 hostile demon
 11202 | D:10     | Found Lixopt's Weapon Shop.
 11243 | D:10     | Found a staircase to the Orcish Mines.
 11517 | D:10     | Found Xaitoerph's Armour Shop.
 12656 | D:10     | Killed an orc knight
 12657 | D:10     | Reached skill level 5 in Conjurations
 12657 | D:10     | Reached skill level 5 in Hexes
 12657 | D:10     | Reached skill level 5 in Summonings
 12657 | D:10     | Reached skill level 5 in Necromancy
 12657 | D:10     | Reached skill level 5 in Translocations
 12657 | D:10     | Reached skill level 5 in Transmutations
 12657 | D:10     | Reached skill level 5 in Fire Magic
 12657 | D:10     | Reached skill level 5 in Ice Magic
 12657 | D:10     | Reached skill level 5 in Air Magic
 12657 | D:10     | Reached skill level 5 in Earth Magic
 12657 | D:10     | Reached skill level 5 in Poison Magic
 12657 | D:10     | Reached skill level 6 in Evocations
 12688 | D:11     | XOM: noise
 12694 | D:11     | Noticed Gastronok
 12757 | D:10     | Reached XP level 11. HP: 80/80 MP: 20/20
 12883 | D:11     | Noticed Grum
 12933 | D:11     | Killed Grum
 13056 | D:11     | Was forgiven by Xom
 13066 | D:11     | Found Abrofox's Weapon Boutique.
 13071 | D:11     | Found Xuesch's Antique Weapon Emporium.
 13080 | D:11     | Bought 4 curare-tipped darts for 67 gold pieces
 13245 | D:11     | Noticed a manticore
 13469 | D:11     | Killed Gastronok
 13541 | D:11     | Killed a manticore
 13794 | D:11     | Noticed Snorg
 13816 | D:11     | Noticed a cyan ugly thing
 13928 | Lair:1   | Entered Level 1 of the Lair of Beasts
 13929 | Lair:1   | Noticed a boulder beetle
 13941 | Lair:1   | Killed a boulder beetle
 14345 | Lair:1   | Reached skill level 7 in Evocations
 14460 | Lair:1   | Reached XP level 12. HP: 87/87 MP: 22/22
 15323 | Lair:2   | Reached skill level 10 in Fighting
 15323 | Lair:2   | Reached skill level 10 in Polearms
 15432 | Lair:2   | Found a staircase to the Snake Pit.
 15765 | Lair:2   | Reached ****** piety under Zin
 15766 | Lair:2   | Lost mutation: You are clumsy. (Dex -2) [potion of
                  | mutation]
 15766 | Lair:2   | Lost mutation: You are frail. (-10% HP) [potion of
                  | mutation]
 15766 | Lair:2   | Lost mutation: Armour fits poorly on your strangely shaped
                  | body. [potion of mutation]
 15983 | Temple   | Entered the Ecumenical Temple
 16032 | Temple   | Fell from the grace of Zin
 16032 | Temple   | Became a worshipper of Ashenzari the Shackled
 16091 | D:4      | Learned a level 5 spell: Borgnjor's Vile Clutch
 16606 | Lair:2   | Noticed Harold
 16752 | Lair:2   | Noticed Sonja
 16887 | Lair:2   | Learned a level 5 spell: Alistair's Intoxication
 17115 | Lair:3   | Noticed a death yak
 17115 | Lair:3   | Noticed a death yak
 17115 | Lair:3   | Noticed a death yak
 17117 | Lair:3   | Noticed a death yak
 17139 | Lair:3   | Noticed a death yak
 17166 | Lair:3   | Killed a death yak
 17170 | Lair:3   | Killed a death yak
 17172 | Lair:3   | Killed a death yak
 17176 | Lair:3   | Killed a death yak
 17177 | Lair:3   | Reached skill level 8 in Evocations
 17177 | Lair:3   | Killed a death yak
 17292 | Lair:3   | Learned a level 3 spell: Vampiric Draining
 17395 | Lair:3   | Noticed a skyshark
 17406 | Lair:3   | Killed a skyshark
 17407 | Lair:3   | Reached XP level 13. HP: 100/104 MP: 4/25
 18057 | Lair:3   | Reached * piety under Ashenzari
 18292 | Lair:3   | Found a staircase to the Swamp.
 19351 | Lair:4   | Reached skill level 10 in Armour
 19718 | Lair:4   | Reached ** piety under Ashenzari
 20128 | Lair:4   | Found a viscous altar of Jiyva.
 20129 | Lair:4   | Found a staircase to the Slime Pits.
 20244 | Lair:4   | Reached skill level 9 in Evocations
 20489 | Lair:5   | Entered Level 5 of the Lair of Beasts
 20755 | Lair:5   | Found a dark tunnel.
 20773 | Volcano  | Entered a volcano
 20896 | Volcano  | Reached skill level 10 in Invocations
 20896 | Volcano  | Reached XP level 14. HP: 83/116 MP: 18/28
 21193 | Volcano  | Identified the +2 pair of boots of the Neverending Mouths
                  | {+Inv Str+3}
 21538 | D:5      | Reached *** piety under Ashenzari
 21546 | D:5      | Learned a level 6 spell: Death Channel
 21790 | Lair:2   | Killed Harold
 21798 | Lair:2   | Killed Sonja
 22698 | D:3      | Bought a manual of Evocations for 1040 gold pieces
 23018 | D:11     | Killed Snorg
 23470 | D:11     | Reached **** piety under Ashenzari
 23838 | D:12     | Found a gate leading to a gauntlet.
 23847 | Gauntlet | Entered a Gauntlet
 23847 | Gauntlet | Found a transporter.
 23854 | Gauntlet | Found a transporter.
 23856 | Gauntlet | Found a transporter.
 23869 | Gauntlet | Found a transporter.
 23870 | Gauntlet | Found a transporter.
 23875 | Gauntlet | Found a runed translucent gate.
 23875 | Gauntlet | Found a runed translucent gate.
 23877 | Gauntlet | Identified the +0 pair of gloves "Socw" {Contam rPois rN+++
                  | Int-3}
 23879 | Gauntlet | Found a runed translucent gate.
 23879 | Gauntlet | Found a transporter.
 23895 | Gauntlet | Found a transporter.
 23906 | Gauntlet | Found a transporter.
 23918 | Gauntlet | Found a transporter.
 23920 | Gauntlet | Identified the ring of Feowuv {rPois MP+9 Str+3 Int-3 SInv}
 23935 | Gauntlet | Found a transporter.
 23949 | Gauntlet | Found a transporter.
 23951 | Gauntlet | Found a transporter.
 24001 | Gauntlet | Found a transporter.
 24001 | Gauntlet | Found a transporter.
 24233 | D:12     | Reached skill level 10 in Dodging
 24262 | D:12     | Identified the +7 shortbow of Unreason {freeze, Int+4}
 24286 | D:12     | Found an ornate altar of the Wu Jian Council.
 24520 | D:12     | Reached skill level 10 in Evocations
 24888 | D:12     | Noticed a tengu reaver
 24896 | D:12     | Killed a tengu reaver
 25191 | Orc:1    | Entered Level 1 of the Orcish Mines
 25459 | Orc:1    | Found a burning altar of Makhleb.
 25547 | Orc:2    | Entered Level 2 of the Orcish Mines
 25973 | Orc:2    | Reached skill level 10 in Short Blades
 25973 | Orc:2    | Reached skill level 10 in Long Blades
 25973 | Orc:2    | Reached skill level 10 in Axes
 25973 | Orc:2    | Reached skill level 10 in Maces & Flails
 25973 | Orc:2    | Reached skill level 10 in Staves
 25973 | Orc:2    | Reached skill level 10 in Ranged Weapons
 25973 | Orc:2    | Reached skill level 10 in Throwing
 25973 | Orc:2    | Reached skill level 10 in Stealth
 25973 | Orc:2    | Reached skill level 10 in Shields
 25973 | Orc:2    | Reached skill level 10 in Unarmed Combat
 25973 | Orc:2    | Reached skill level 10 in Spellcasting
 26272 | Orc:2    | Found a staircase to the Elven Halls.
 26396 | Orc:2    | Found Tuxexo's General Store.
 26441 | Orc:2    | Found Gikeedaf's General Store.
 26451 | Orc:2    | Reached XP level 15. HP: 115/127 MP: 7/32
 26900 | Orc:2    | Reached skill level 11 in Evocations
 27310 | Orc:2    | Found Ocutaum's Book Shop.
 27310 | Orc:2    | Found a one-way gate leading to the halls of Pandemonium.
 27310 | Orc:2    | Found Icisuv's Antique Armour Boutique.
 27817 | Orc:2    | Bought a book of Spectacle for 576 gold pieces
 27824 | Orc:2    | Learned a level 6 spell: Starburst
 27844 | Orc:2    | Upgraded the game from 0.30-a0-824-g6c64550be9 to
                  | 0.30-a0-830-gfe289a77b0
 28123 | D:13     | Found Jalon's Assorted Antiques.
 28224 | D:13     | Identified the +5 arbalest "Duenasat" {penet, Drain rPois
                  | rF+ Will+}
 28339 | D:13     | Found a transporter.
 28341 | D:13     | Found a transporter.
 28345 | D:13     | Found a transporter.
 29049 | D:13     | Found a transporter.
 29547 | D:14     | Found a gate to the Vaults.
 29792 | D:15     | Entered Level 15 of the Dungeon
 29817 | D:15     | Reached skill level 12 in Evocations
 29817 | D:15     | Reached XP level 16. HP: 68/136 MP: 10/33
 29932 | D:15     | Noticed Roxanne
 30031 | D:15     | Found a runed translucent door.
 30035 | D:15     | Found the +2 shield of Resistance {rF++ rC++ Will++}
 30210 | D:15     | Found a runed translucent door.
 30322 | D:15     | Found a staircase to the Depths.
 30501 | D:15     | Noticed Kirke
 30530 | D:15     | Killed Kirke
 30939 | D:15     | Reached XP level 17. HP: 143/143 MP: 22/35
 31071 | D:15     | Noticed Rupert
 31085 | D:15     | Killed Rupert
 31813 | Lair:5   | Reached skill level 13 in Evocations
 32577 | Lair:5   | Identified the Enchiridion on the Overhead Rocks
 33364 | D:15     | Killed Roxanne
 33381 | D:15     | Learned a level 5 spell: Lee's Rapid Deconstruction
 33388 | D:15     | Learned a level 6 spell: Statue Form
 33459 | D:12     | Identified the cursed +2 pair of gloves of Cremastomancy
                  | {Melee, Elem} (You found it on level 7 of the Dungeon)
 33692 | Swamp:1  | Entered Level 1 of the Swamp
 33717 | Swamp:1  | Noticed Aizul
 33729 | Swamp:1  | Killed Aizul
 35336 | Swamp:2  | Reached skill level 10 in Conjurations
 35336 | Swamp:2  | Reached skill level 10 in Hexes
 35336 | Swamp:2  | Reached skill level 10 in Summonings
 35336 | Swamp:2  | Reached skill level 10 in Necromancy
 35336 | Swamp:2  | Reached skill level 10 in Translocations
 35336 | Swamp:2  | Reached skill level 10 in Transmutations
 35336 | Swamp:2  | Reached skill level 10 in Fire Magic
 35336 | Swamp:2  | Reached skill level 10 in Ice Magic
 35336 | Swamp:2  | Reached skill level 10 in Air Magic
 35336 | Swamp:2  | Reached skill level 10 in Earth Magic
 35336 | Swamp:2  | Reached skill level 10 in Poison Magic
 35816 | Swamp:2  | Learned a level 4 spell: Animate Dead
 36110 | Swamp:2  | Identified the ring of Dim Light {rC+ Int+6 Dex+3}
 36175 | Swamp:3  | Found a sacrificial altar of Ru.
 36190 | Swamp:3  | Reached skill level 14 in Evocations
 36208 | Swamp:3  | Noticed Mara
 36218 | Swamp:3  | Noticed iguanaiguana's illusion
 36600 | Swamp:3  | Noticed iguanaiguana's illusion
 36781 | Swamp:3  | Killed Mara
 36872 | Swamp:3  | Reached XP level 18. HP: 153/153 MP: 13/36
 37581 | Swamp:4  | Entered Level 4 of the Swamp
 37843 | Swamp:4  | Found a runed translucent door.
 37846 | Swamp:4  | Noticed freelancePsychic's ghost (adept GrBr)
 38842 | Swamp:4  | Got a decaying rune of Zot
 39052 | Snake:1  | Entered Level 1 of the Snake Pit
 39195 | Snake:1  | Learned a level 7 spell: Storm Form
 39195 | Snake:1  | Identified the cursed +2 robe "Gloom of Ashenzari"
                  | {Archmagi, Alch, Bglg} (You took it off an orc sorcerer on
                  | level 2 of the Orcish Mines)
 39264 | Snake:1  | Identified the cursed +2 helmet of Ashenzari's Dismay
                  | {Self, Elem} (You took it off Robin on level 2 of the
                  | Dungeon)
 39374 | Snake:1  | Reached skill level 15 in Evocations
 39540 | Snake:1  | Found Quchay Uciek's Book Boutique.
 39540 | Snake:1  | Found Haulijyke's Jewellery Shoppe.
 39541 | Snake:1  | Found Uzynaa's Jewellery Shoppe.
 39558 | Snake:1  | Bought the Handbook of Unstable Hypothermia for 552 gold
                  | pieces
 39565 | Snake:1  | Learned a level 5 spell: Irradiate
 40135 | Snake:2  | Found a runed translucent gate.
 40135 | Snake:2  | Found a runed translucent gate.
 40135 | Snake:2  | Found a runed translucent gate.
 40137 | Snake:2  | Noticed Meok's ghost (adept MiFi)
 40218 | Snake:2  | Killed Meok's ghost
 40588 | Snake:2  | Reached XP level 19. HP: 134/157 MP: 25/37
 41195 | Snake:3  | Noticed Azrael
 41211 | Snake:3  | Killed Azrael
 41299 | Snake:3  | Found Daor's Distillery.
 41299 | Snake:3  | Found Ymafab's Assorted Antiques.
 41341 | Snake:3  | Bought a runed copper wand for 100 gold pieces
 41814 | Snake:3  | Found Foty's Weapon Emporium.
 42254 | Snake:4  | Entered Level 4 of the Snake Pit
 42946 | Snake:4  | Reached skill level 16 in Evocations
 43114 | Snake:4  | Noticed Vashnia
 43125 | Snake:4  | Killed Vashnia
 43181 | Snake:4  | Got a serpentine rune of Zot
 43598 | Elf:1    | Entered Level 1 of the Elven Halls
 43944 | Elf:1    | Noticed Agnes
 43959 | Elf:1    | Killed Agnes
 44974 | Elf:2    | Noticed Jorgrun
 44984 | Elf:2    | Killed Jorgrun
 44985 | Elf:2    | Reached XP level 20. HP: 139/167 MP: 32/39
 44986 | Elf:2    | Reached skill level 15 in Fighting
 44986 | Elf:2    | Reached skill level 15 in Polearms
 45351 | Elf:2    | Found a runed translucent gate.
 45351 | Elf:2    | Found a runed translucent gate.
 45362 | Elf:2    | Found a runed translucent gate.
 45449 | Elf:2    | Learned a level 7 spell: Ozocubu's Refrigeration
 45832 | Elf:2    | Reached skill level 15 in Invocations
 45983 | Elf:2    | Reached skill level 17 in Evocations
 46463 | Elf:3    | Entered Level 3 of the Elven Halls
 46657 | Elf:3    | Noticed Zenata
 46706 | Elf:3    | Killed Zenata
 47054 | Elf:3    | Found a portal to a secret trove of treasure.
 47845 | Elf:2    | Found an ancient bone altar of Kikubaaqudgha.
 48115 | D:3      | Bought a manual of Invocations for 1040 gold pieces
 48624 | Elf:3    | Identified the +0 demon whip of the Peculiar Artisans
                  | {freeze, rC+}
 48639 | Elf:3    | Identified the ring "Loqawkui" {Int+2 SInv Stlth+}
 48868 | Elf:3    | Identified the +9 halberd of Cufehupn {heavy, rF- rC++
                  | Stlth+}
 48879 | Elf:3    | Identified the +8 long sword of Uluroeno {heavy, rF- Str+3}
 49130 | Elf:3    | Reached skill level 15 in Armour
 49130 | Elf:3    | Identified the +1 pair of gloves of Milo {rF+ Str-2 Dex+3
                  | SInv Stlth+}
 49221 | Elf:3    | Identified the Volume of Sepulchral Soot
 49594 | Depths:1 | Entered Level 1 of the Depths
 49602 | Depths:1 | Reached XP level 21. HP: 174/174 MP: 20/40
 49870 | Depths:1 | Found a hide-covered altar of Uskayaw.
 49943 | Depths:1 | Reached skill level 18 in Evocations
 50408 | Depths:1 | Found a runed translucent gate.
 50408 | Depths:1 | Found a runed translucent gate.
 50408 | Depths:1 | Found a runed translucent gate.
 50409 | Depths:1 | Noticed Funiw's ghost (adept TrMo)
 50409 | Depths:1 | Noticed Dameikh's ghost (veteran FoFi)
 50410 | Depths:1 | Found an ancient bone altar of Kikubaaqudgha.
 50410 | Depths:1 | Noticed Gucom's ghost (veteran GnFi)
 50411 | Depths:1 | Identified the ring "Xelal" {rPois rC+ MP+9 Int+6}
 50411 | Depths:1 | Noticed a dread lich
 50412 | Depths:1 | Identified the -1 helmet of Monotheism {Harm Regen+}
 50450 | Depths:1 | Found a stormy altar of Qazlal.
 50536 | Depths:1 | Gained mutation: You occasionally lose the ability to drink
                  | potions when taking damage. [a shining eye]
 50596 | Depths:1 | Found a gateway to Hell.
 50925 | Depths:2 | Found a one-way gate to the infinite horrors of the Abyss.
 50972 | Depths:2 | Noticed a golden dragon
 50975 | Depths:2 | Paralysed by a floating eye for 3 turns
 50990 | Depths:2 | Killed a golden dragon
 50999 | Depths:2 | Reached skill level 15 in Dodging
 51019 | Depths:2 | Noticed a golden dragon
 51037 | Depths:2 | Killed a golden dragon
 51396 | Depths:2 | Identified the +9 flail "Lafal" {venom, rF+ Dex-5 SInv}
 52445 | Depths:3 | Paralysed by a floating eye for 3 turns
 52599 | Depths:3 | Reached skill level 15 in Short Blades
 52599 | Depths:3 | Reached skill level 15 in Long Blades
 52599 | Depths:3 | Reached skill level 15 in Axes
 52599 | Depths:3 | Reached skill level 15 in Maces & Flails
 52599 | Depths:3 | Reached skill level 15 in Staves
 52599 | Depths:3 | Reached skill level 15 in Ranged Weapons
 52599 | Depths:3 | Reached skill level 15 in Throwing
 52599 | Depths:3 | Reached skill level 15 in Stealth
 52599 | Depths:3 | Reached skill level 15 in Shields
 52599 | Depths:3 | Reached skill level 15 in Unarmed Combat
 52599 | Depths:3 | Reached skill level 15 in Spellcasting
 52764 | Depths:3 | Found a one-way gateway to a ziggurat.
 53671 | Swamp:3  | Killed freelancePsychic's ghost
 53672 | Swamp:3  | Reached XP level 22. HP: 187/187 MP: 24/43
 54099 | Elf:3    | You paid a toll of a +8 demon trident to enter a treasure
                  | trove
 54100 | Trove    | Entered a treasure trove
 54102 | Trove    | Found a bloodstained altar of Trog.
 54104 | Trove    | Identified the +2 battleaxe of Impermanence {heavy, *Noise
                  | rElec rN++ Dex+4}
 54477 | Vaults:1 | Entered Level 1 of the Vaults
 54698 | Vaults:1 | Reached skill level 19 in Evocations
 54742 | Vaults:1 | Reached ***** piety under Ashenzari
 55865 | Vaults:1 | Identified the +5 quarterstaff of the Middle {elec, Dex+7
                  | SInv}
 56166 | Depths:2 | Learned a level 7 spell: Spellforged Servitor
 56176 | Depths:2 | Learned a level 8 spell: Lehudib's Crystal Spear
 56956 | Vaults:2 | Identified a scroll of acquirement
 56979 | Vaults:2 | Acquired 1176 gold pieces
 57435 | Vaults:2 | Found a staircase to the Crypt.
 57803 | Vaults:2 | Found Kymick's Book Emporium.
 58310 | Vaults:3 | Found Tulyckosm's Antique Weapon Boutique.
 58388 | Vaults:3 | Reached XP level 23. HP: 196/196 MP: 35/46
 58513 | Vaults:3 | Found Siphamaa's Magic Scroll Boutique.
 58574 | Vaults:3 | Bought a scroll of teleportation for 30 gold pieces
 58754 | Vaults:3 | Reached skill level 20 in Evocations
 59094 | Vaults:3 | Noticed Margery
 59102 | Vaults:3 | Killed Margery
 59841 | Vaults:4 | Found a magical portal.
 59850 | WizLab   | Entered Doroklohe's Tomb
 60076 | WizLab   | Noticed a dread lich
 60086 | WizLab   | Killed a dread lich
 62000 | Vaults:5 | Entered Level 5 of the Vaults
 62000 | Vaults:5 | Found Qinlimai's Book Boutique.
 62215 | Vaults:5 | Bought an Inescapable Atlas for 608 gold pieces
 62218 | Vaults:5 | Learned a level 2 spell: Blink
 62223 | Vaults:5 | Learned a level 4 spell: Manifold Assault
 62278 | Vaults:5 | Reached XP level 24. HP: 206/206 MP: 15/46
 62290 | Vaults:5 | Noticed a dread lich
 62300 | Vaults:5 | Killed a dread lich
 62535 | Vaults:5 | Reached skill level 21 in Evocations
 62870 | Vaults:5 | Identified the +0 halberd of the Mind {heavy, +Blink}
 62897 | Vaults:5 | Identified the +8 flail "Biryacul" {vamp, rC+ Str-3 Int+5}
 62897 | Vaults:5 | Identified the amulet "Jown" {Spirit rN+ Regen+}
 62907 | Vaults:5 | Identified the +3 battleaxe "Beastslayer" {spect, Str+2
                  | Stlth+}
 63076 | Vaults:5 | Learned a level 8 spell: Ignition
 63151 | Vaults:5 | Got a silver rune of Zot
 63181 | Vaults:5 | Identified the +4 long sword of Xeninij {venom, Will+ Str+2
                  | Dex+2}
 63226 | Vaults:5 | Identified the +0 falchion "Vuwnex" {venom, Str+6 Dex-4
                  | SInv}
 63804 | Vaults:5 | Identified the Parchment of Geometries and Rallying
 64082 | Vaults:5 | Identified the Vellum of Sweltering Hail
 64226 | Vaults:5 | Identified the +0 pair of gloves of Understanding {rPois
                  | rF+}
 64435 | Vaults:5 | Bought a manual of Conjurations for 1520 gold pieces
 64877 | Depths:3 | Noticed a caustic shrike
 64882 | Depths:3 | Killed a caustic shrike
 64920 | Depths:3 | Reached XP level 25. HP: 214/214 MP: 30/47
 64997 | Depths:3 | Identified the +1 scale mail "Tojoigal" {Dex+5}
 65062 | Depths:3 | Noticed a juggernaut
 65069 | Depths:3 | Killed a juggernaut
 65775 | Depths:4 | Entered Level 4 of the Depths
 65827 | Depths:4 | Reached skill level 22 in Evocations
 66000 | Depths:4 | Noticed Vv
 66017 | Depths:4 | Killed Vv
 66070 | Depths:4 | Reached skill level 15 in Conjurations
 66476 | Depths:4 | Found a gate to the Realm of Zot.
 66635 | Depths:4 | Paralysed by a floating eye for 3 turns
 67563 | Zot:1    | Entered Level 1 of the Realm of Zot
 67563 | Zot:1    | Identified the ring of the Sturgeon {Ice rPois Str+3 Int-4
                  | Stlth+}
 67563 | Zot:1    | Noticed Josephina
 67677 | Zot:1    | Killed Josephina
 67993 | Zot:1    | Upgraded the game from 0.30-a0-830-gfe289a77b0 to
                  | 0.30-a0-840-ga523dec638
 68042 | Zot:1    | Reached skill level 15 in Hexes
 68042 | Zot:1    | Reached skill level 15 in Summonings
 68042 | Zot:1    | Reached skill level 15 in Necromancy
 68042 | Zot:1    | Reached skill level 15 in Translocations
 68042 | Zot:1    | Reached skill level 15 in Transmutations
 68042 | Zot:1    | Reached skill level 15 in Fire Magic
 68042 | Zot:1    | Reached skill level 15 in Ice Magic
 68042 | Zot:1    | Reached skill level 15 in Air Magic
 68042 | Zot:1    | Reached skill level 15 in Earth Magic
 68042 | Zot:1    | Reached skill level 15 in Poison Magic
 68042 | Zot:1    | Identified the cursed +2 cloak "Eternal Together" {rPois,
                  | Self, Fort} (You found it on level 11 of the Dungeon)
 68600 | Zot:1    | Noticed an orb of fire
 68863 | Zot:1    | Reached XP level 26. HP: 196/227 MP: 11/49
 69227 | Zot:2    | Noticed a Killer Klown
 69338 | Zot:2    | Killed a Killer Klown
 70101 | Zot:2    | Found a transporter.
 70236 | Zot:2    | Reached skill level 23 in Evocations
 70368 | Zot:2    | Found a transporter.
 71718 | Zot:3    | Noticed a Killer Klown
 71741 | Zot:3    | Killed a Killer Klown
 73657 | Zot:5    | Entered Level 5 of the Realm of Zot
 74225 | Zot:5    | Noticed an orb of fire
 74226 | Zot:5    | Gained mutation: You are weak. (Str -2) [an orb of fire]
 74239 | Zot:5    | Gained mutation: Your magical capacity is low. (-10% MP)
                  | [an orb of fire]
 74241 | Zot:5    | Gained mutation: You are strong-willed. (Will+) [an orb of
                  | fire]
 74245 | Zot:5    | Killed an orb of fire
 74245 | Zot:5    | Noticed a Killer Klown
 74251 | Zot:5    | Killed a Killer Klown
 74274 | Zot:5    | Lost mutation: Your magical capacity is low. (-10% MP)
                  | [potion of mutation]
 74274 | Zot:5    | Lost mutation: You are weak. (Str -2) [potion of mutation]
 74274 | Zot:5    | Lost mutation: You are strong-willed. (Will+) [potion of
                  | mutation]
 74274 | Zot:5    | Gained mutation: You have an increased reservoir of magic.
                  | (+10% MP) [potion of mutation]
 74274 | Zot:5    | Gained mutation: You have large cloven feet. [potion of
                  | mutation]
 74275 | Zot:5    | Lost mutation: You have an increased reservoir of magic.
                  | (+10% MP) [potion of mutation]
 74275 | Zot:5    | Lost mutation: You occasionally lose the ability to drink
                  | potions when taking damage. [potion of mutation]
 74275 | Zot:5    | Gained mutation: You expend magic power (3 MP) to
                  | strengthen your wands. [potion of mutation]
 74275 | Zot:5    | Gained mutation: Your spells are a little harder to cast,
                  | but a little more powerful. [potion of mutation]
 74394 | Zot:5    | Noticed a dread lich
 74403 | Zot:5    | Noticed a dread lich
 74404 | Zot:5    | Killed a dread lich
 74413 | Zot:5    | Killed a dread lich
 74414 | Zot:5    | Reached XP level 27. HP: 236/236 MP: 5/51
 74534 | Zot:5    | Noticed an orb of fire
 74544 | Zot:5    | Killed an orb of fire
 74609 | Zot:5    | Got the Orb of Zot
 74840 | Depths:3 | Noticed a seraph
 74973 | D:15     | Reached skill level 24 in Evocations
 74991 | D:14     | Gained mutation: You sometimes lose your temper in combat.
                  | [a cacodemon]
 75243 | D:7      | Noticed Fapir the pandemonium lord
 75423 | D:1      | Noticed Kohiplyoch the pandemonium lord
 75423 | D:1      | Noticed an ancient lich
 75428 | D:$      | Escaped with the Orb!

Illustrated notes

Levels and vault maps discovered:
D:1:      co_arrival_random_square_maze, layout_basic,
          hellmonk_ecumenical_altar_watching_god, roderic_serpentine_path,
          minmay_quantized
D:2:      layout_loops_ring, minmay_distorted, uniq_robin, uniq_sigmund
D:3:      layout_basic, grunt_temple_overflow_order_and_chaos_2,
          nicolae_shop_vocational
D:4:      layout_loops_ring, minmay_temple_entry_stoned_glass,
          eino_small_chamber_without_monster
D:5:      layout_basic, nicolae_elyvilon_temple_path, lexackson_kobold_supper
D:6:      layout_loops_ring
D:7:      layout_basic, lemuel_coloured_pillars_altar
D:8:      layout_layer_cave, dpeg_oklobed_lair
D:9:      layout_roguey, grunt_temple_overflow_magic_moments
D:10:     layout_grid_maze, orc_david_3
D:11:     nzn_winding_woodlands_small [nzn_winding_woodlands_5x15_parted,
          nzn_winding_woodlands_center_lodge,
          nzn_winding_woodlands_5x15_crooked], layout_long_grid,
          nicolae_wooded_promenade, pond, uniq_grum, uniq_snorg, uniq_gastronok
D:12:     minmay_strange_plus, layout_gridville, gauntlet_entry_generic,
          nzn_wu_jian_contemplation
D:13:     layout_loops_cross, serial_shops, shop, minmay_door_square,
          minmay_misc_feat_room, grunt_decor_arrowhead,
          minmay_misc_feat_diagonals, nicolae_transporter_circle
D:14:     layout_big_octagon, david_vaults_2
D:15:     grunt_enter_depths_magical_seal, layout_basic,
          minmay_guarded_unrand_resistance, uniq_roxanne, uniq_rupert,
          uniq_kirke
Temple:   eino_wide_crystal_templ
Lair:1:   layout_roguey, minmay_hedge_maze, lemuel_fruit_tree
Lair:2:   layout_layer_cave, minmay_snake_entry_guardpost_small,
          hibernation_bobbens, lemuel_fruit_fields, lemuel_fruit_fields,
          grunt_megastairs_4, uniq_harold, uniq_sonja
Lair:3:   layout_roguey, minmay_swamp_entry_worms
Lair:4:   layout_gridlike, minmay_slime_entry_pillars, minivault_24
Lair:5:   grunt_lair_end_beastmaster, layout_regular_city,
          nicolae_volcano_entry_two_sided, grunt_megastairs_2
Swamp:1:  layout_basic_swamp, hangedman_swamp_blocks, swamp_pool3,
          nicolae_swamp_treefoil, uniq_aizul
Swamp:2:  layout_basic_swamp, evilmike_swamp_ruin_house_1, swamp_pool1,
          nicolae_swamp_big_swirl
Swamp:3:  layout_falls_marsh, hangedman_swamp_ruin_wall, swamp_pool1,
          lemuel_altar_in_water, st_swamp_ruins_4, uniq_mara
Swamp:4:  swamp_icy, layout_basic_swamp, ebering_ghost_reflecting_pool,
          infiniplex_staircase_pool
Snake:1:  layout_basic, minmay_shop_grove
Snake:2:  layout_onion_interference, gammafunk_ghost_necromancy,
          nicolae_elevator_lobby_asterisk
Snake:3:  layout_gridlike, serial_shops, nicolae_shop_crystal, minmay_shoptagon,
          uniq_azrael
Snake:4:  grunt_snake_rune_serpentine_throne, layout_cave_town
Orc:1:    layout_caves, basic_altar, hangedman_feature_mirror,
          nicolae_orc_crystal_geode
Orc:2:    pf_orc_diabolical, layout_caves, rock_pile
Elf:1:    layout_geoelf_grid, minmay_elf_crystal_heptagon,
          einodemon_crawler_minivault, uniq_agnes
Elf:2:    elven_hall_of_blades_hangedman_original
          [nicolae_blade_entry_pointy_end], layout_loops_corners, minivault_8,
          lemuel_upstairs_altar, uniq_jorgrun
Elf:3:    minmay_elf_hall_x, layout_geoelf_castle, nicolae_trove_entry_columns,
          uniq_zenata
Vaults:1: ontoclasm_vaults_claustrophobia, hangedman_vaults_river_flow,
          vaults_room_ringed_pool, vaults_mumra_lcd,
          nicolae_vaults_yaktaur_gun_rack, nicolae_vaults_display_case,
          v_alt_pattern_1, dpeg_vaults_monster_box, vaults_room_corners,
          nicolae_vaults_diagonal_hallway_6, layout_vaults_chaotic_city
Vaults:2: minmay_crypt_entry_simple_sparse, nicolae_vaults_shelves_hall,
          nicolae_vaults_big_angled_halls, hangedman_vaults_slice,
          nicolae_vaults_meeting, v_misc_8, v_misc_10, v_misc_9,
          nicolae_vaults_sealed_display, grunt_vaults_focal,
          nicolae_vaults_theta, layout_vaults_maze, serial_shops, shop
Vaults:3: v_rooms_4, v_alt_pattern_1, vaults_room_mumra_shop_pool, v_misc_11,
          nicolae_vaults_alarming, vaults_dpeg_emergency_exit,
          layout_vaults_quadrants, serial_shops, nicolae_shop_trees,
          uniq_margery
Vaults:4: mu_enter_wizlab_3, v_pattern_4, v_misc_18, v_misc_14,
          nicolae_vaults_network_quincunx
          [nicolae_vaults_network_quincunx_subvault,
          nicolae_vaults_network_quincunx_subvault,
          nicolae_vaults_network_quincunx_subvault,
          nicolae_vaults_network_quincunx_subvault,
          nicolae_vaults_network_quincunx_subvault],
          nicolae_vaults_little_squares_4, dpeg_vaults_hating_casters,
          hangedman_vaults_locks, hangedman_vaults_trim,
          nicolae_vaults_angled_halls, v_misc_23, nicolae_vaults_network_star,
          grunt_vaults_hallway_long, grunt_vaults_hallway_long,
          layout_vaults_omnibox
Vaults:5
Depths:1: layout_cave_pools, nicolae_qazlal_general_emergency,
          gammafunk_ghost_crypt, nicolae_hell_entry_hellmouth_sunbeams,
          nicolae_uskayaw_dance_hall
Depths:2: minmay_triangles_in_corner, layout_gridlike, hangedman_coc_ice_floe,
          hangedman_abyss_or_decor_stabs, serial_rivers,
          chequers_serial_rivers_room_b, chequers_serial_rivers_small_3,
          chequers_serial_rivers_micro_b, chequers_serial_rivers_micro_b,
          chequers_serial_rivers_small_3, abyss_entry_crystal,
          grunt_pan_entry_in_and_out, infiniplex_staircase_pool_2
Depths:3: evilmike_diamond_2, layout_basic, ziggurat_fallback, nrook_uturn,
          hell_entry, abyss_entry, serial_bayou_shore_a
Depths:4: grunt_zot_entry_pinwheel, layout_basic, hell_entry, abyss_entry,
          nicolae_triple_integral, uniq_vv
Zot:1:    layout_gridlike, nrook_zot_tub, uniq_josephina
Zot:2:    layout_misc_corridors, nicolae_diode_stairs
Zot:3:    layout_concentric_octagons, zot_minivault_7
Zot:4:    layout_onion_interference
Zot:5:    layout_misc_corridors, hangedman_zot_diagonal_lockstep

Skill      XL: |  1  2  3  4  5  6  7  8  9 10 11 12 13 14 15 16 17 18 19 20 21 22 23 24 25 26 27 |
---------------+----------------------------------------------------------------------------------+-----
Invocations    | 1 2 3 4 5 6 7 8 10 11 12 13 14 15 17 18 19 21 22 23 | 23.8
Short Blades   | 1 2 3 5 6 7 8 9 10 11 12 13 14 15 16 17 18 | 18.7
Long Blades    | 1 2 3 5 6 7 8 9 10 11 12 13 14 15 16 17 18 | 18.7
Axes           | 1 2 3 5 6 7 8 9 10 11 12 13 14 15 16 17 18 | 18.7
Maces & Flails | 1 2 3 5 6 7 8 9 10 11 12 13 14 15 16 17 18 | 18.7
Staves         | 1 2 3 5 6 7 8 9 10 11 12 13 14 15 16 17 18 | 18.7
Ranged Weapons | 1 2 3 5 6 7 8 9 10 11 12 13 14 15 16 17 18 | 18.7
Throwing       | 1 2 3 5 6 7 8 9 10 11 12 13 14 15 16 17 18 | 18.7
Stealth        | 1 2 3 5 6 7 8 9 10 11 12 13 14 15 16 17 18 | 18.7
Shields        | 1 2 3 5 6 7 8 9 10 11 12 13 14 15 16 17 18 | 18.7
Unarmed Combat | 1 2 3 5 6 7 8 9 10 11 12 13 14 15 16 17 18 | 18.7
Spellcasting   | 1 2 3 5 6 7 8 9 10 11 12 13 14 15 16 17 18 20 | 20.4
Evocations     | 1 2 3 5 6 7 8 9 10 12 14 15 16 17 18 19 20 21 22 23 24 | 24.1
Conjurations   | 1 2 3 4 5 6 7 8 9 10 11 12 13 14 15 16 17 | 17.3
Hexes          | 1 2 3 4 5 6 7 8 9 10 11 12 13 14 15 | 15.9
Summonings     | 1 2 3 4 5 6 7 8 9 10 11 12 13 14 15 | 15.9
Necromancy     | 1 2 3 4 5 6 7 8 9 10 11 12 13 14 15 | 15.9
Translocations | 1 2 3 4 5 6 7 8 9 10 11 12 13 14 15 | 15.9
Transmutations | 1 2 3 4 5 6 7 8 9 10 11 12 13 14 15 | 15.9
Fire Magic     | 1 2 3 4 5 6 7 8 9 10 11 12 13 14 15 | 15.9
Ice Magic      | 1 2 3 4 5 6 7 8 9 10 11 12 13 14 15 | 15.9
Air Magic      | 1 2 3 4 5 6 7 8 9 10 11 12 13 14 15 | 15.9
Earth Magic    | 1 2 3 4 5 6 7 8 9 10 11 12 13 14 15 | 15.9
Poison Magic   | 1 2 3 4 5 6 7 8 9 10 11 12 13 14 15 | 15.9
Dodging        | 3 4 5 6 7 8 9 10 11 12 13 14 15 16 17 18 | 18.9
Armour         | 5 6 7 8 9 10 11 12 13 14 15 16 17 18 19 | 19.2
Fighting       | 7 8 9 10 11 12 13 14 15 16 17 18 19 | 19.6
Polearms       | 7 8 9 10 11 12 13 14 15 16 17 18 19 | 19.6

Action                     |  1- 3 |  4- 6 |  7- 9 | 10-12 | 13-15 | 16-18 | 19-21 | 22-24 | 25-27 || total
---------------------------+-------+-------+-------+-------+-------+-------+-------+-------+-------++-------
  Melee: Spear             |   107 |    94 |       |       |       |       |       |       |       ||   201
         Bite              |     8 |    17 |    34 |    84 |    98 |    73 |   126 |   189 |    79 ||   708
         Dagger            |       |   132 |   154 |       |       |       |       |       |       ||   286
         Punch             |       |     2 |     8 |    30 |    66 |     5 |     4 |       |     8 ||   123
         Halberd           |       |     1 |       |       |       |       |       |       |       ||     1
         Scimitar          |       |       |   244 |   553 |   632 |   129 |       |       |       ||  1558
         Staff             |       |       |       |       |     4 |    37 |       |       |       ||    41
         Unarmed           |       |       |       |       |       |   228 |   645 |   853 |   495 ||  2221
         Kick              |       |       |       |       |       |       |       |       |    15 ||    15
   Fire: Sling             |    26 |       |       |       |       |       |       |       |       ||    26
         Shortbow          |       |       |       |       |     1 |       |       |       |       ||     1
  Throw: Dart              |       |     8 |    20 |    59 |    19 |     1 |       |       |       ||   107
         Boomerang         |       |       |     3 |     8 |       |       |       |       |       ||    11
         Throwing net      |       |       |       |     2 |       |       |       |       |       ||     2
         Javelin           |       |       |       |       |       |     6 |       |       |       ||     6
   Cast: Call Canine Famil |       |       |    11 |    32 |     3 |       |       |       |       ||    46
         Borgnjor's Vile C |       |       |       |    17 |   213 |   153 |   155 |   141 |   130 ||   809
         Death Channel     |       |       |       |       |     9 |    44 |    10 |    24 |    12 ||    99
         Starburst         |       |       |       |       |     6 |    13 |       |       |       ||    19
         Statue Form       |       |       |       |       |       |    56 |   103 |    75 |    77 ||   311
         Animate Dead      |       |       |       |       |       |    11 |    10 |    14 |    10 ||    45
         Irradiate         |       |       |       |       |       |     6 |    35 |     7 |    14 ||    62
         Storm Form        |       |       |       |       |       |     2 |     4 |       |     7 ||    13
         Lee's Rapid Decon |       |       |       |       |       |     1 |       |       |       ||     1
         Ozocubu's Refrige |       |       |       |       |       |       |    11 |       |       ||    11
         Spellforged Servi |       |       |       |       |       |       |       |    37 |    20 ||    57
         Manifold Assault  |       |       |       |       |       |       |       |    36 |    81 ||   117
         Ignition          |       |       |       |       |       |       |       |     5 |    20 ||    25
 Invoke: Recite            |       |       |     1 |       |       |       |       |       |       ||     1
         Curse Item        |       |       |       |     1 |     6 |     2 |     2 |     2 |     1 ||    14
         Shatter the Chain |       |       |       |       |     1 |     1 |     2 |     1 |       ||     5
Ability: Blinkbolt         |       |       |       |       |       |     1 |     4 |       |     4 ||     9
         End Transformatio |       |       |       |       |       |       |     2 |       |     7 ||     9
  Evoke: Piece from Xom's  |     2 |       |       |       |       |       |       |       |       ||     2
         Wand              |       |       |       |     4 |     1 |     7 |     3 |       |     4 ||    19
         Tin of tremorston |       |       |       |       |     2 |       |     7 |       |     2 ||    11
         Lightning rod     |       |       |       |       |     1 |     2 |       |       |       ||     3
         Phantom mirror    |       |       |       |       |     1 |     2 |     3 |       |     1 ||     7
         Condenser vane    |       |       |       |       |       |     2 |     4 |     4 |     1 ||    11
    Use: Scroll            |       |    10 |     5 |    16 |     3 |     6 |     5 |     7 |     9 ||    61
         Potion            |       |     4 |     2 |     2 |     4 |     1 |     4 |       |    11 ||    28
   Stab: Sleeping          |     3 |     1 |       |     1 |     4 |     2 |     3 |       |       ||    14
         Distracted        |       |       |     2 |     4 |     2 |     8 |     8 |    27 |     9 ||    60
         Held in net/web   |       |       |       |     1 |       |       |       |       |       ||     1
         Petrified         |       |       |       |       |     6 |     2 |       |       |       ||     8
         Invisible         |       |       |       |       |       |       |       |       |     3 ||     3
 Armour: Leather armour    |    28 |    35 |    53 |       |       |       |       |       |       ||   116
         Ring mail         |       |       |    70 |   113 |       |       |       |       |       ||   183
         Steam dragon scal |       |       |       |    12 |   184 |       |       |       |       ||   196
         Robe              |       |       |       |       |    24 |    58 |    10 |    30 |     9 ||   131
         Skin              |       |       |       |       |       |   214 |   454 |   404 |   291 ||  1363
  Dodge: Dodged            |    37 |   135 |   398 |   712 |   709 |   485 |   646 |   922 |   578 ||  4622
         Repelled          |       |       |     1 |     3 |     3 |       |       |       |       ||     7
  Block: Kite shield       |       |       |       |       |       |   492 |   829 |  1118 |   513 ||  2952

Table legend: (Time is in decaauts)
 A = Elapsed time spent in this place.
 B = Non-inter-level travel time spent in this place.
 C = Inter-level travel time spent in this place.
 D = Time resting spent in this place.
 E = Time spent auto-exploring this place.
 F = Levels seen in this place.
 G = Mean time per level.
                   A        B        C        D        E       F      G
               +--------+--------+--------+--------+--------+-----+--------+
         Total |  83507 |  73782 |   9725 |  10584 |  43687 |  52 | 1605.9 |
       Dungeon |  23653 |  18945 |   4708 |   3936 |   9635 |  15 | 1576.9 |
        Temple |     69 |     49 |     20 |      0 |     31 |   1 |   69.0 |
          Lair |   9681 |   8322 |   1359 |   1440 |   4440 |   5 | 1936.2 |
         Swamp |   6405 |   5978 |    427 |   1074 |   2975 |   4 | 1601.2 |
     Snake Pit |   5459 |   5260 |    199 |    117 |   3950 |   4 | 1364.8 |
  Orcish Mines |   2958 |   2451 |    507 |    341 |   1541 |   2 | 1479.0 |
   Elven Halls |   6769 |   6046 |    723 |    675 |   3907 |   3 | 2256.3 |
        Vaults |  10908 |  10126 |    782 |    463 |   6987 |   5 | 2181.6 |
        Depths |   8110 |   7433 |    677 |    474 |   5367 |   4 | 2027.5 |
           Zot |   8048 |   7728 |    320 |   1738 |   4256 |   5 | 1609.6 |
         Trove |     70 |     70 |      0 |      0 |     37 |   1 |   70.0 |
       Volcano |    480 |    480 |      0 |    206 |      7 |   1 |  480.0 |
        Wizlab |    647 |    647 |      0 |    119 |    342 |   1 |  647.0 |
      Gauntlet |    242 |    242 |      0 |      0 |    208 |   1 |  242.0 |
               +--------+--------+--------+--------+--------+-----+--------+

Top non-repeatable levels by time:
   Elf:3: 2951 daAuts
Vaults:5: 2887 daAuts
  Lair:3: 2693 daAuts
Depths:4: 2571 daAuts
    D:11: 2535 daAuts
   Zot:3: 2458 daAuts
    D:10: 2354 daAuts
  Lair:2: 2294 daAuts
    D:15: 2252 daAuts
   Orc:2: 2242 daAuts
Vaults:3: 2193 daAuts
Depths:2: 2187 daAuts
Vaults:1: 2124 daAuts
Depths:3: 2118 daAuts
Vaults:4: 1996 daAuts
